 Dungeon Crawl Stone Soup version 0.28-a0-1506-g3893175d92 (webtiles) character file.

Game seed: 1948395234064563480

31 riojii the Shield-Bearer (level 3, 32/34 HPs)
             Began as a Deep Dwarf Fighter on Jan 13, 2022.
             Was a Follower of Zin.
             Quit the game on level 1 of the Dungeon.
             The game lasted 00:01:05 (417 turns).

riojii the Shield-Bearer (Deep Dwarf Fighter)        Turns: 417, Time: 00:01:06

Health: 32/34      AC:  6    Str: 21    XL:     3   Next: 7%
Magic:  3/3        EV:  9    Int:  8    God:    Zin [*.....]
Gold:   57         SH:  4    Dex: 12    Spells: 2/2 levels left

rFire   . . .      SeeInvis .   a - +0 war axe
rCold   . . .      Faith    .   c - +0 buckler
rNeg    . . .      Spirit   .   b - +0 scale mail
rPois   .          Reflect  .   (no helmet)
rElec   .          Harm     .   (no cloak)
rCorr   .          Rampage  .   (no gloves)
Will    .....                   (no boots)
Stlth   ..........              (no amulet)
HPRegen 0.00/turn               (no ring)
MPRegen 0.08/turn               (no ring)

@: no status effects
A: damage resistance, heal wounds, sense surroundings 1, no regeneration
a: Heal Wounds, Renounce Religion, Recite, Donate Gold


You were on level 1 of the Dungeon.
You worshipped Zin.
Zin was aware of your devotion.
You visited 1 branch of the dungeon, and saw 1 of its levels.

You collected 63 gold pieces.
You donated 6 gold pieces to Zin.

Inventory:

Hand Weapons
 a - a +0 war axe (weapon)
Armour
 b - a +0 scale mail (worn)
 c - a +0 buckler (worn)
Scrolls
 g - a scroll of teleportation {unknown}
 h - 2 scrolls of identify {unknown}
Potions
 d - 2 potions of might
 e - a potion of mutation {unknown}
 f - a potion of curing {unknown}


   Skills:
 + Level 3.0 Fighting
 + Level 2.7 Axes
 + Level 3.6 Armour
 + Level 3.7 Shields


You had 2 spell levels left.
You didn't know any spells.
Your spell library contained the following spells:

 Spells                   Type           Power      Damage    Failure   Level
 Animate Skeleton         Necr           0%         N/A       83%         1
 Pain                     Necr           0%         1d4       83%         1
 Vampiric Draining        Necr           0%         2d6       99%         3


Dungeon Overview and Level Annotations

Branches:
Dungeon (1/15)

Altars:
Zin


Innate Abilities, Weirdness & Mutations

You are resistant to damage.
You can heal yourself by infusing magical energy.
You passively map a small area around you.
You do not regenerate.


Message History

The kobold throws a stone.
The stone barely misses you. The kobold hits you but does no damage.
You hit the kobold.
You kill the kobold!
No target in view!
No target in view!
No target in view!
No target in view!
No target in view!
No target in view!
No target in view!
Things that are here:
a +0 dagger; 5 stones
g - a scroll labelled JUEKES SUOM An endoplasm comes into view.
Found 2 scrolls labelled GIATURGHAIJO.
Found a faded altar of an unknown god.
The endoplasm quivers.
Found a robe.
You hit the plant.
The plant begins to die.
The plant is lightly damaged.
You hit the plant.
The plant begins to die.
You slash the endoplasm!
You kill the endoplasm!
You slash the plant!
The plant begins to die.
You hit the plant but do no damage.
The plant is lightly damaged.
You hit the plant. You slash the plant! You slash the plant!
The plant is lightly damaged.
You slash the plant! You hit the plant.
A nearby plant withers and dies.
You slash the plant!
The plant is lightly damaged.
You hit the plant.
A nearby plant withers and dies. x2
h - 2 scrolls labelled GIATURGHAIJO
There is a faded altar of an unknown god here.
You cannot tell which god this altar belongs to.
Convert to them anyway?
Zin accepts your prayer! Zin welcomes you!
You pay a tithe of 6 gold.
You can now donate money to Zin.
You can now recite Zin's Axioms of Law.
Are you sure you want to abandon this character and quit the game? (Confirm with "yes".)

##..<..#.##########.......#.#.(..
##.....#.######## ##......#.#....
##.....#......... #.[....#.##...
.###+###......... #......#.##...
......##......... ##.#####.##...
.####.##........., #.# #.##...
.##.............. #.# #.##...
.##....#......#### #.# ###.####.
.##....#....###♣@♣###)###....# #.
.##....#)..##P...[.P##.......# #.
.##....#...#P...≈P..P#)......# #.
.##....######...≈≈..##.......###.
#........# ##....P##.......##...
##).......# ###.###........##.#.
..........# #P##.P####.###.##.#.
..........# ##...P#####..##.##.#.
..........# #.P#####...........##


There were no monsters in sight!

Vanquished Creatures
  3 ball pythons (D:1)
  5 endoplasms (D:1)
  6 goblins (D:1)
  5 hobgoblins (D:1)
  3 frilled lizards (D:1)
  4 kobolds (D:1)
  2 rats (D:1)
28 creatures vanquished.

Vanquished Creatures (others)
  3 plants (D:1)
3 creatures vanquished.

Grand Total: 31 creatures vanquished

Notes
Turn   | Place    | Note
-------+----------+-------------------------------------------
     0 | D:1      | riojii the Deep Dwarf Fighter began the quest for the Orb.
     0 | D:1      | Reached XP level 1. HP: 20/20 MP: 1/1
    48 | D:1      | Reached XP level 2. HP: 27/27 MP: 2/2
   357 | D:1      | Reached XP level 3. HP: 32/34 MP: 3/3
   403 | D:1      | Found a faded altar of an unknown god.
   416 | D:1      | Prayed at the altar of an unknown god.
   416 | D:1      | Became a worshipper of Zin the Law-Giver
   416 | D:1      | Reached * piety under Zin
   417 | D:1      | Quit the game

Illustrated notes

Levels and vault maps discovered:
D:1:      minmay_arrival_checkered_box, layout_basic,
          dreamdust_ecumenical_altar_hidden_monk_grotto

Skill      XL: |  1  2 |
---------------+-------+-----
Fighting       | 3 |  3.0
Axes           | |  2.7
Armour         | |  3.6
Shields        | |  3.7

Action                   || total
-------------------------++-------
Melee: War axe           ||    69
 Abil: Heal Wounds       ||     1
Armor: Scale mail        ||    34
Dodge: Dodged            ||    25
Block: Buckler           ||    15

Table legend: (Time is in decaauts)
 A = Elapsed time spent in this place.
 B = Non-inter-level travel time spent in this place.
 C = Inter-level travel time spent in this place.
 D = Time resting spent in this place.
 E = Time spent auto-exploring this place.
 F = Levels seen in this place.
 G = Mean time per level.
                   A        B        C        D        E       F      G
               +--------+--------+--------+--------+--------+-----+--------+
         Total |    445 |    445 |      0 |      0 |    270 |   1 |  445.0 |
       Dungeon |    445 |    445 |      0 |      0 |    270 |   1 |  445.0 |
               +--------+--------+--------+--------+--------+-----+--------+

Top non-repeatable levels by time:
     D:1: 445 daAuts
